 Dungeon Crawl Stone Soup version 0.28.0-43-g3370ac3207 (webtiles) character file.

Game seed: 2991044970172238470

14173 protoss039 the Warrior (level 12, 0/103 HPs)
             Began as a Djinni Fire Elementalist on Mar 24, 2022.
             Was a Priest of Makhleb.
             Shot with a bolt by a yaktaur captain (39 damage)
             ... on level 10 of the Dungeon.
             The game lasted 00:26:23 (15434 turns).

protoss039 the Warrior (Djinni Fire Elementalist)  Turns: 15434, Time: 00:26:26

Health: 0/103      AC:  6    Str: 13    XL:     12   Next: 41%
Gold:   691        EV: 17    Int: 21    God:    Makhleb [***...] SH:  0 Dex: 15

rFire   + + .      SeeInvis .   F - +4 scimitar (freeze)
rCold   x . .      Faith    .   (no shield)
rNeg    . . .      Spirit   .   a - +0 robe
rPois   ∞          Reflect  .   (no helmet)
rElec   .          Harm     .   i - +0 cloak
rCorr   .          Rampage  .   l - +2 pair of gloves
Will    +....                   (boots unavailable)
Stlth   ++........              y - amulet of the acrobat
HPRegen 0.27/turn               p - +4 ring of evasion
MPRegen 0.00/turn               w - +6 ring of strength

@: flying
A: sickness immunity, fire resistance 2, cold vulnerability 1, float, innate
caster, HP casting, extra vitality 1
a: Renounce Religion, Minor Destruction, Lesser Servant of Makhleb


You were on level 10 of the Dungeon.
You worshipped Makhleb.
Makhleb was most pleased with you.
You visited 2 branches of the dungeon, and saw 11 of its levels.
You also visited: Ossuary.

You collected 691 gold pieces.

Inventory:

Hand Weapons
 F - a +4 scimitar of freezing (weapon)
Missiles
 v - a throwing net
Armour
 a - a +0 robe (worn)
 i - a +0 cloak (worn)
 l - a +2 pair of gloves (worn)
Magical Staves
 o - a staff of earth
Jewellery
 p - a +4 ring of evasion (left hand)
 w - a +6 ring of strength (right hand)
 y - an amulet of the acrobat (around neck)
Wands
 r - a wand of mindburst (5)
 x - a wand of iceblast (6)
Scrolls
 c - 2 scrolls of enchant armour
 d - a scroll of fog {unknown}
 h - 2 scrolls of identify
 m - 2 scrolls of enchant weapon {unknown}
 s - a scroll of brand weapon
 u - a scroll of vulnerability {unknown}
 z - 2 scrolls of immolation {unknown}
 A - 3 scrolls of magic mapping
 E - 2 scrolls of teleportation
Potions
 b - 6 potions of curing
 e - a potion of heal wounds
 f - 3 potions of brilliance {unknown}
 g - 3 potions of invisibility
 j - 2 potions of lignification {unknown}
 k - a potion of magic {unknown}
 n - 3 potions of haste
 q - 3 potions of mutation
 B - a potion of might {unknown}
 C - a potion of degeneration {unknown}
 D - 2 potions of flight {unknown}


   Skills:
 * Level 16.2 Fighting
 - Level 3.0 Dodging
 - Level 3.0 Stealth
 - Level 6.0 Spellcasting
 - Level 6.0 Invocations


You couldn't memorise any spells.
You knew the following spells:

 Your Spells              Type           Power      Damage    Failure   Level
a - Foxfire               Conj/Fire      100%       2x1d9     1%          1
b - Scorch                Fire           62%        2d8       1%          2
c - Conjure Flame         Conj/Fire      31%        6-21      2%          3
d - Inner Flame           Hex/Fire       31%        N/A       2%          3
e - Flame Wave            Conj/Fire      31%        2d8       9%          4
f - Slow                  Hex            100%       N/A       1%          1
g - Call Imp              Summ           31%        N/A       1%          2
h - Stone Arrow           Conj/Erth      62%        3d10      2%          3
i - Animate Armour        Summ/Erth      62%        N/A       9%          4
j - Iskenderun's Mystic   Conj/Tloc      31%        2d8       9%          4
Your spell library was empty.

Dungeon Overview and Level Annotations

Branches:
Dungeon (10/15)            Temple (1/1) D:4            Lair (0/6) D:10
    Orc (0/2) D:9         Ossuary (visited)

Altars:
Ashenzari
Cheibriados
Dithmenos
Elyvilon
Fedhas
Gozag
Hepliaklqana
Makhleb
Nemelex Xobeh
Okawaru
Qazlal
Ru
Sif Muna
Trog
Uskayaw
Vehumet
Wu Jian
Xom
Yredelemnul
Zin
The Shining One
Lugonu

Shops:
D:3 *   D:9 =

Portals:
Abyss: D:7


Innate Abilities, Weirdness & Mutations

You are immune to sickness and miasma.
You are immune to poison.
Your flesh is very heat resistant. (rF++)
You are vulnerable to cold. (rC-)
You float through the air rather than walking.
You learn spells naturally, not from books.
Your magical power is your life essence.
You have superior vitality. (+4 MHP)


Message History

Flames lash the swamp dragon.
Flame seeps out of the swamp dragon.
The swamp dragon is almost dead.
The swamp dragon's fire resistance burns away.
The swamp dragon is engulfed in blazing flames.
Makhleb accepts your kill.
You feel better.
The swamp dragon explodes!
The fiery explosion engulfs your animated robe!!
Your animated robe is almost destroyed.
The fiery explosion engulfs you! You resist.
* * * LOW HITPOINT WARNING * * *
Your animated robe disappears in a puff of smoke!
Unknown command.
Unknown command.
Unknown command.
You start resting.
A yaktaur captain comes into view. It is wielding a +0 flail.
You feel much better.
The yaktaur captain is engulfed in blazing flames.
The yaktaur captain unwields a +0 flail.
The yaktaur captain wields a +0 arbalest.
The yaktaur captain shoots a bolt.
The bolt hits you!!
* * * LOW HITPOINT WARNING * * *
Unknown command.
Unknown command.
You feel much better.
Unknown command.
Unknown command.
The yaktaur captain is engulfed in blazing flames.
The yaktaur captain shoots a bolt.
The bolt barely misses you.
Unknown command.
Casting: Scorch (safe; 1% risk of failure)
Confirm with . or Enter, or press ? or * to list all spells.
Aiming: Inner Flame (mildly dangerous; 2% risk of failure)
Press: ? - help, Dir - move target, f - yaktaur captain
Aim: a yaktaur captain, wielding a +0 arbalest and quivering bolts (flame, heavily wounded, chance to affect: 54%)
The yaktaur captain resists with significant effort.
The yaktaur captain is engulfed in blazing flames.
The yaktaur captain shoots a bolt.
The bolt hits you!!!
You die...

.... ...# #..# #..#
#...###...# #.......# ##
#.○.[.# .. ####c####
####### #. #....☼..##
....#.. ..
#..#####..#######.#.#.###.
#. ##@#.......#.#.#.#. #
#.#.###.#.#.#.#.#.
#.......#.#.......
#.#.#.###.#.#.###.
##.#.#.......#.#...
#..#.#.#####.#.###.
#.....^.##.... ..#.. ..
####.######### ##### #. ..
..


You could see a yaktaur captain.

Vanquished Creatures
  A centaur warrior (D:10)
  7 two-headed ogres
  A swamp dragon (D:10)
  Pikel (D:5)
  A manticore (D:10)
  Maggie (D:9)
  Prince Ribbit (D:7)
  Sigmund (D:3)
  A vampire (D:10)
  9 yaks (D:10)
  A wraith (D:10)
  2 wyverns (D:10)
  2 vampire mosquitoes (D:10)
  4 acid dragons (D:10)
  2 water moccasins
  3 ice beasts
  A sky beast (D:6)
  An orc warrior (D:9)
  A black bear (D:6)
  A necrophage (D:7)
  3 ogres
  3 centaurs
  2 lemures (D:5)
  A phantom (D:7)
  2 kobold brigands (D:9)
  3 bullfrogs
  2 gnoll sergeants
  3 scorpions
  A water moccasin zombie (D:4)
  A water moccasin skeleton (D:4)
  10 killer bees (D:9)
  8 wights
  An electric eel (D:10)
  2 howler monkeys (D:10)
  4 centaur zombies
  6 hounds
  2 jellies
  3 orc priests
  2 bullfrog skeletons
  An iguana (D:5)
  3 orc wizards
  13 mummies (Ossuary)
  A howler monkey zombie (D:10)
  16 gnolls
  3 adders
  A shadow imp (D:6)
  2 white imps
  2 ufetubi
  3 worms
  A dart slug (D:1)
  33 orcs
  7 ball pythons
  2 bats
  6 endoplasms
  3 giant cockroaches
  9 goblins
  5 hobgoblins
  18 kobolds
  5 quokkas
  4 frilled lizards (D:1)
  4 gnoll skeletons (Ossuary)
  2 goblin skeletons (Ossuary)
  A kobold skeleton (Ossuary)
  An orc skeleton (Ossuary)
  9 rats
  11 rat skeletons (Ossuary)
  A spectral orc (D:6)
  A butterfly (D:9)
  2 lurking horrors (D:7)
271 creatures vanquished.

Vanquished Creatures (collateral kills)
  An iguana (D:5)
  An orc (D:5)
2 creatures vanquished.

Vanquished Creatures (others)
  553 foxfires
553 creatures vanquished.

Grand Total: 826 creatures vanquished

Notes
Turn   | Place    | Note
-------+----------+-------------------------------------------
     0 | D:1      | protoss039 the Djinni Fire Elementalist began the quest for
                  | the Orb.
     0 | D:1      | Reached XP level 1. HP: 15/15 MP: 0/0
   414 | D:1      | Reached XP level 2. HP: 18/22 MP: 0/0
   697 | D:1      | Reached skill level 1 in Fighting
  1192 | D:1      | Reached XP level 3. HP: 8/27 MP: 0/0
  1192 | D:1      | Learned a level 1 spell: Slow
  2024 | D:2      | Reached skill level 2 in Fighting
  2024 | D:2      | Reached XP level 4. HP: 20/33 MP: 0/0
  2298 | D:2      | Found a faded altar of an unknown god.
  3444 | D:3      | Noticed Sigmund
  3564 | D:3      | Killed Sigmund
  3565 | D:3      | Reached skill level 4 in Fighting
  3565 | D:3      | Reached XP level 5. HP: 31/41 MP: 0/0
  3565 | D:3      | Learned a level 2 spell: Call Imp
  3565 | D:3      | Reached XP level 6. HP: 35/47 MP: 0/0
  3850 | D:3      | Found a shadowy altar of Dithmenos.
  4422 | D:3      | Reached skill level 5 in Fighting
  4422 | D:3      | Reached XP level 7. HP: 46/54 MP: 0/0
  4422 | D:3      | Learned a level 3 spell: Stone Arrow
  4475 | D:3      | Found Zeilex's Assorted Antiques.
  4883 | D:3      | Found a white marble altar of Elyvilon.
  4960 | D:4      | Found a staircase to the Ecumenical Temple.
  4977 | Temple   | Entered the Ecumenical Temple
  5115 | D:4      | Reached skill level 6 in Fighting
  5680 | D:4      | Reached skill level 7 in Fighting
  5680 | D:4      | Reached XP level 8. HP: 60/64 MP: 0/0
  6172 | D:5      | Entered Level 5 of the Dungeon
  6173 | D:5      | Noticed Pikel
  6297 | D:5      | Noticed a two-headed ogre
  6310 | D:5      | Killed a two-headed ogre
  6311 | D:5      | Reached skill level 9 in Fighting
  6314 | D:5      | Reached XP level 9. HP: 5/73 MP: 0/0
  6314 | D:5      | Learned a level 4 spell: Animate Armour
  6740 | D:5      | Reached skill level 10 in Fighting
  7202 | D:5      | Found a burning altar of Makhleb.
  7480 | D:5      | Killed Pikel
  7481 | D:5      | Reached skill level 11 in Fighting
  7736 | D:5      | Became a worshipper of Makhleb the Destroyer
  7811 | D:6      | Reached skill level 1 in Invocations
  8103 | D:6      | Found a hazy altar of Hepliaklqana.
  8223 | D:6      | Reached XP level 10. HP: 78/84 MP: 0/0
  8553 | D:6      | Found a basalt altar of Yredelemnul.
  8724 | D:7      | Reached skill level 12 in Fighting
  8888 | D:7      | Noticed Prince Ribbit
  8989 | D:7      | Killed Prince Ribbit
  9056 | D:7      | Noticed a two-headed ogre
  9066 | D:7      | Killed a two-headed ogre
  9133 | D:7      | Found an ornate altar of the Wu Jian Council.
  9696 | D:7      | Found a corrupted altar of Lugonu.
  9697 | D:7      | Found a one-way gate to the infinite horrors of the Abyss.
 10102 | D:7      | Found a stormy altar of Qazlal.
 10499 | D:8      | Found a blossoming altar of Fedhas.
 10772 | D:8      | Found a sand-covered staircase.
 10777 | Ossuary  | Entered an ossuary
 11171 | Ossuary  | Reached * piety under Makhleb
 11569 | D:8      | Reached skill level 5 in Spellcasting
 11992 | D:8      | Found a snail-covered altar of Cheibriados.
 12175 | D:9      | Reached ** piety under Makhleb
 12398 | D:9      | Found Tecweif's One-of-a-Kind Rings.
 12423 | D:9      | Found a shimmering altar of Xom.
 12432 | D:9      | Found a bloodstained altar of Trog.
 12544 | D:9      | Noticed Maggie
 12552 | D:9      | Killed Maggie
 12638 | D:9      | Noticed a two-headed ogre
 12651 | D:9      | Killed a two-headed ogre
 12652 | D:9      | Reached skill level 5 in Invocations
 12652 | D:9      | Reached XP level 11. HP: 60/91 MP: 0/0
 12652 | D:9      | Learned a level 4 spell: Iskenderun's Mystic Blast
 12844 | D:9      | Found a hide-covered altar of Uskayaw.
 12899 | D:9      | Reached skill level 13 in Fighting
 13255 | D:9      | Found a staircase to the Orcish Mines.
 13314 | D:10     | Entered Level 10 of the Dungeon
 13320 | D:10     | Identified the +1 chain mail of the Nightingale {rPois rC++
                  | Regen+ Int-2}
 13325 | D:10     | Found a staircase to the Lair.
 13811 | D:10     | Noticed a two-headed ogre
 13829 | D:10     | Killed a two-headed ogre
 13830 | D:10     | Reached skill level 14 in Fighting
 13901 | D:10     | Reached *** piety under Makhleb
 14283 | D:10     | Noticed a two-headed ogre
 14420 | D:10     | Killed a two-headed ogre
 14725 | D:10     | Noticed a centaur warrior
 14733 | D:10     | Killed a centaur warrior
 14744 | D:10     | Reached skill level 15 in Fighting
 14744 | D:10     | Reached XP level 12. HP: 50/102 MP: 0/0
 14746 | D:10     | Noticed a two-headed ogre
 14765 | D:10     | Killed a two-headed ogre
 15251 | D:10     | Identified the +9 broad axe of Letuog {drain, rC+ Dex+5}
 15251 | D:10     | Identified the +3 scale mail of the Devil's Team {Fly rN+}
 15409 | D:10     | Noticed a two-headed ogre
 15413 | D:10     | Noticed a swamp dragon
 15417 | D:10     | Killed a two-headed ogre
 15418 | D:10     | Reached skill level 16 in Fighting
 15424 | D:10     | Killed a swamp dragon
 15430 | D:10     | Noticed a yaktaur captain
 15434 | D:10     | Shot with a bolt by a yaktaur captain

Illustrated notes

Levels and vault maps discovered:
D:1:      minmay_arrival_four_loops, layout_basic
D:2:      layout_basic, shapermc_ecumenical_altar_totnotflames,
          serial_corexii_hall, corexii_hall_statues_u, corexii_hall_statues_x,
          corexii_hall_statues_x
D:3:      layout_basic, marbit_many_paths, nicolae_dithmenos_the_darkroom,
          serial_shops, nicolae_shop_hallway_stairs, uniq_sigmund
D:4:      layout_loops_ring, minmay_temple_entry_mist
D:5:      layout_loops_cross, mainiacjoe_overflow_boulevard,
          nicolae_elevator_lobby_asterisk, uniq_pikel
D:6:      layout_rooms, yredelemnul_forgotten_temple_becter,
          worldfamousw_hep_ancestral_shrine
D:7:      layout_basic, mainiacjoe_overflow_brackets, general_overflow_altar,
          amcnicky_altar_lugonu_corruption, uniq_prince_ribbit1
D:8:      nicolae_cairo_tiling_large, layout_basic, lemuel_round_altar,
          amcnicky_altar_gilded, enter_ossuary_2, glass_columns_a,
          nrook_mini_vaults
D:9:      layout_cave_pools, mainiacjoe_overflow_six_doors_small,
          lemuel_doored_altar, xom_butterflies, hiddenorc1_lemuel,
          kennysheep_nub, minmay_liquid_box, nicolae_shop_unique_rings,
          grunt_ministairs_2, uniq_maggie
D:10:     minmay_the_grid_4x2 [minmay_the_grid_dragon_b,
          minmay_the_grid_holed_spiral, minmay_the_grid_medium_cups,
          minmay_the_grid_outer_circle, minmay_the_grid_spin_star,
          minmay_the_grid_pillar_ring, minmay_the_grid_embedded,
          minmay_the_grid_prize_diamond_cup], layout_basic,
          lemuel_zombie_altar_kikubaaqudgha, serial_corexii_hall,
          corexii_hall_statues_x, corexii_hall_statues_i
Temple:   dpeg_three_leaves_temple

Skill      XL: |  1  2  3  4  5  6  7  8  9 10 11 12 |
---------------+-------------------------------------+-----
Fighting       | 1 2 4 5 7 9 11 12 15 16 | 16.2
Stealth        | 2 3 |  3.0
Spellcasting   | 3 6 |  6.0
Dodging        | 3 |  3.0
Invocations    | 2 5 6 |  6.0

Action                   |  1- 3 |  4- 6 |  7- 9 | 10-12 || total
-------------------------+-------+-------+-------+-------++-------
Melee: Unarmed           |    10 |       |       |       ||    10
       Punch             |     2 |       |       |     1 ||     3
       Dagger            |     1 |     3 |     4 |     7 ||    15
 Cast: Foxfire           |    81 |    55 |    96 |    96 ||   328
       Inner Flame       |     2 |     2 |     6 |    67 ||    77
       Conjure Flame     |     1 |     1 |     1 |     1 ||     4
       Scorch            |       |    30 |    83 |   139 ||   252
       Slow              |       |     1 |     2 |    18 ||    21
       Call Imp          |       |       |     4 |     5 ||     9
       Animate Armour    |       |       |     2 |     7 ||     9
       Flame Wave        |       |       |       |    10 ||    10
       Stone Arrow       |       |       |       |     9 ||     9
       Iskenderun's Myst |       |       |       |     9 ||     9
  Use: Scroll            |       |       |     7 |     5 ||    12
       Potion            |       |       |     1 |     2 ||     3
 Stab: Sleeping          |       |       |     2 |       ||     2
Armor: Robe              |     2 |     4 |    10 |    27 ||    43
Dodge: Dodged            |    18 |     7 |    64 |   129 ||   218
